PAAA
BAKERSFIELD NOBLES @ CALGARY LYNX
08/01/2034
 
TOP OF THE 1ST
Bakersfield Nobles batting - Pitching for Calgary Lynx : RHP Melchor Morse
Pitching: RHP Melchor Morse
Batting: RHB Wei-qiang Mo 0-0: Foul Ball, location: 2F
0-1: Fly out, F6 (Line Drive, 6)
Batting: RHB Stanley van de Ven 0-0: Ground out 6-3 (Groundball, 6)
Batting: RHB Terry John 0-0: SINGLE (Line Drive, 8RS)
Batting: RHB Omer Yurtseven 0-0: Called Strike
0-1: Ball
1-1: Ball
2-1: Ball
3-1: Fly out, F7 (Flyball, 7LMF)
Top of the 1st over - 0 runs, 1 hit, 0 errors, 1 left on base; Bakersfield 0 - Calgary 0
BOTTOM OF THE 1ST
Calgary Lynx batting - Pitching for Bakersfield Nobles : RHP José Sauls
Pitching: RHP José Sauls
Batting: RHB Dhyana Snigdha 0-0: Fly out, F7 (Line Drive, 7LS)
Batting: RHB Alberto Salas 0-0: Ball
1-0: Ball
2-0: Ball
3-0: Foul Ball, location: 2F
3-1: Base on Balls
Batting: LHB Michael Ward 0-0: Swinging Strike
0-1: Ball
1-1: Ball
2-1: Foul Ball, location: 2F
2-2: Foul Ball, location: 2F
2-2: Ball
3-2: Strikes out swinging
Alberto Salas steals 2nd base
Batter strikes out.
Batting: LHB Daniel García 0-0: Ball
1-0: Called Strike
1-1: Ball
2-1: Ball
3-1: Base on Balls
Batting: RHB José de la Cavallería 0-0: Ball
1-0: Called Strike
1-1: Ball
2-1: Foul Ball, location: 2F
2-2: Ball
3-2: Base on Balls
Alberto Salas to third
Daniel García to second
Batting: RHB Júlio Vargas 0-0: Ball
1-0: Fielders Choice at 2nd, 6-4 (Groundball, 6)
Bottom of the 1st over - 0 runs, 0 hits, 0 errors, 3 left on base; Bakersfield 0 - Calgary 0
TOP OF THE 2ND
Bakersfield Nobles batting - Pitching for Calgary Lynx : RHP Melchor Morse
Batting: SHB Fernando Luna 0-0: SOLO HOME RUN (Flyball, 89XD), Distance : 401 ft
Batting: LHB Jesús Reyes 0-0: Foul Ball, location: 2F
0-1: Ball
1-1: Ball
2-1: Fly out, F8 (Flyball, 8LD)
Batting: RHB Pedro Hernández 0-0: Ball
1-0: Ball
2-0: Called Strike
2-1: Ball
3-1: Called Strike
3-2: Ground out U3 (Groundball, 34)
Batting: RHB Bartolo Morales 0-0: Ball
1-0: Ball
2-0: Ground out 5-3 (Groundball, 5S)
Top of the 2nd over - 1 run, 1 hit, 0 errors, 0 left on base; Bakersfield 1 - Calgary 0
BOTTOM OF THE 2ND
Calgary Lynx batting - Pitching for Bakersfield Nobles : RHP José Sauls
Batting: LHB Xuan-ling Chen 0-0: Ball
1-0: Called Strike
1-1: Ball
2-1: Ball
3-1: Swinging Strike
3-2: Base on Balls
Batting: RHB Rubén Medina 0-0: Ball
1-0: Swinging Strike
1-1: Called Strike
1-2: Grounds into double play, 5-4-3 (Groundball, 56)
Batting: RHB Joe Ferguson 0-0: Ball
1-0: Ball
2-0: Called Strike
2-1: Ground out 5-3 (Groundball, 5)
Bottom of the 2nd over - 0 runs, 0 hits, 0 errors, 0 left on base; Bakersfield 1 - Calgary 0
TOP OF THE 3RD
Bakersfield Nobles batting - Pitching for Calgary Lynx : RHP Melchor Morse
Batting: RHB Juan Dávila 0-0: DOUBLE (Flyball, 78XD)
Batting: RHB Wei-qiang Mo 0-0: Swinging Strike
0-1: Ball
1-1: Ball
2-1: Called Strike
2-2: Strikes out swinging
Batting: RHB Stanley van de Ven 0-0: Ground out 6-3 (Groundball, 56)
Batting: RHB Terry John 0-0: Ball
1-0: Ball
2-0: Called Strike
2-1: SINGLE (Line Drive, 4D)
Juan Dávila to third
Runner from 3rd tries for Home, throw and OUT!
Top of the 3rd over - 0 runs, 2 hits, 0 errors, 1 left on base; Bakersfield 1 - Calgary 0
BOTTOM OF THE 3RD
Calgary Lynx batting - Pitching for Bakersfield Nobles : RHP José Sauls
Batting: RHB Dhyana Snigdha 0-0: Fly out, F9 (Line Drive, 89D)
Batting: RHB Alberto Salas 0-0: SINGLE (Line Drive, 6)
Batting: LHB Michael Ward 0-0: Ball
1-0: Fly out, F9 (Line Drive, 9)
Batting: LHB Daniel García 0-0: Called Strike
0-1: Ball
1-1: Foul Ball, location: 2F
1-2: Ground out U3 (Groundball, 3L)
Bottom of the 3rd over - 0 runs, 1 hit, 0 errors, 1 left on base; Bakersfield 1 - Calgary 0
TOP OF THE 4TH
Bakersfield Nobles batting - Pitching for Calgary Lynx : RHP Melchor Morse
Batting: RHB Omer Yurtseven 0-0: Foul Ball, location: 2F
0-1: Ball
1-1: Called Strike
1-2: TRIPLE (Flyball, 78XD)
Batting: SHB Fernando Luna 0-0: Ball
1-0: SINGLE (Groundball, 4D)
Omer Yurtseven scores
Batting: LHB Jesús Reyes 0-0: Ball
Wild Pitch!
Fernando Luna to second
1-0: Swinging Strike
1-1: Ball
2-1: Ball
3-1: Base on Balls
Batting: RHB Pedro Hernández 0-0: Called Strike
0-1: Swinging Strike
0-2: Strikes out looking
Batting: RHB Bartolo Morales 0-0: Ball
1-0: DOUBLE (Line Drive, 78D)
Fernando Luna scores
Jesús Reyes to third
Batting: RHB Juan Dávila 0-0: Ball
1-0: 3-RUN HOME RUN (Flyball, 7D), Distance : 383 ft
Batting: RHB Wei-qiang Mo 0-0: Ground out 4-3 (Groundball, 4)
Batting: RHB Stanley van de Ven 0-0: Called Strike
0-1: Called Strike
0-2: Ball
1-2: Ball
2-2: Ball
3-2: Fly out, F7 (Flyball, 78M)
Top of the 4th over - 5 runs, 4 hits, 0 errors, 0 left on base; Bakersfield 6 - Calgary 0
BOTTOM OF THE 4TH
Calgary Lynx batting - Pitching for Bakersfield Nobles : RHP José Sauls
Batting: RHB José de la Cavallería 0-0: Swinging Strike
0-1: Ball
1-1: Ball
2-1: Fly out, F7 (Flyball, 7LSF)
Batting: RHB Júlio Vargas 0-0: Foul Ball, location: 2F
0-1: Fly out, F6 (Line Drive, 6)
Batting: LHB Xuan-ling Chen 0-0: Foul Ball, location: 2F
0-1: Ground out 4-3 (Groundball, 4)
Bottom of the 4th over - 0 runs, 0 hits, 0 errors, 0 left on base; Bakersfield 6 - Calgary 0
TOP OF THE 5TH
Bakersfield Nobles batting - Pitching for Calgary Lynx : RHP Melchor Morse
Batting: RHB Terry John 0-0: Called Strike
0-1: Ball
1-1: Foul Ball, location: 2F
1-2: Foul Ball, location: 2F
1-2: Fly out, F7 (Flyball, 7D)
Batting: RHB Omer Yurtseven 0-0: Ball
1-0: Ball
2-0: Ball
3-0: Called Strike
3-1: Swinging Strike
3-2: Ground out 5-3 (Groundball, 5L)
Batting: SHB Fernando Luna 0-0: Called Strike
0-1: Ground out 4-3 (Groundball, 4M)
Top of the 5th over - 0 runs, 0 hits, 0 errors, 0 left on base; Bakersfield 6 - Calgary 0
BOTTOM OF THE 5TH
Calgary Lynx batting - Pitching for Bakersfield Nobles : RHP José Sauls
Pitching: LHP Eugene Clarkston
Batting: RHB Rubén Medina 0-0: Called Strike
0-1: Swinging Strike
0-2: Ball
1-2: Ground out U3 (Groundball, 34)
Batting: RHB Joe Ferguson 0-0: Foul Ball, location: 2F
0-1: Ball
1-1: Ball
2-1: Ball
3-1: Base on Balls
Batting: RHB Dhyana Snigdha 0-0: Called Strike
0-1: Called Strike
0-2: Ball
1-2: Foul Ball, location: 2F
1-2: DOUBLE (Flyball, 8LD)
Joe Ferguson to third
Batting: RHB Alberto Salas 0-0: Ball
1-0: Foul Ball, location: 2F
1-1: Ball
2-1: Called Strike
2-2: Fly out, F9 (Flyball, 9LMF)
Runner from 3rd tags up, SCORES, no throw
Batting: LHB Michael Ward 0-0: Foul Ball, location: 2F
0-1: Hit by Pitch
Batting: LHB Daniel García 0-0: Swinging Strike
0-1: Foul Ball, location: 2F
0-2: Foul Ball, location: 2F
0-2: Foul Ball, location: 2F
0-2: Strikes out swinging
Bottom of the 5th over - 1 run, 1 hit, 0 errors, 2 left on base; Bakersfield 6 - Calgary 1
TOP OF THE 6TH
Bakersfield Nobles batting - Pitching for Calgary Lynx : RHP Melchor Morse
Pitching: RHP José Larranaga
Batting: LHB Jesús Reyes 0-0: Ball
1-0: Called Strike
1-1: Ball
2-1: Swinging Strike
2-2: Strikes out swinging
Batting: RHB Pedro Hernández 0-0: Called Strike
0-1: Ball
1-1: Foul Ball, location: 2F
1-2: Foul Ball, location: 2F
1-2: Ball
2-2: Ball
3-2: Strikes out swinging
Batting: RHB Bartolo Morales 0-0: Called Strike
0-1: Foul Ball, location: 2F
0-2: Ball
1-2: SINGLE (Groundball, 56D)
Batting: RHB Juan Dávila 0-0: Fly out, F8 (Flyball, 8LD)
Top of the 6th over - 0 runs, 1 hit, 0 errors, 1 left on base; Bakersfield 6 - Calgary 1
BOTTOM OF THE 6TH
Calgary Lynx batting - Pitching for Bakersfield Nobles : LHP Eugene Clarkston
Batting: RHB José de la Cavallería 0-0: Ball
1-0: Called Strike
1-1: Called Strike
1-2: Ball
2-2: Foul Ball, location: 2F
2-2: Fly out, F6 (Popup, P)
Batting: RHB Júlio Vargas 0-0: Ball
1-0: Swinging Strike
1-1: Called Strike
1-2: Ball
2-2: Strikes out swinging
Batting: LHB Xuan-ling Chen 0-0: Ball
1-0: Foul Ball, location: 2F
1-1: DOUBLE (Groundball, 5L)
Batting: RHB Rubén Medina 0-0: Ground out 5-3 (Groundball, 5S)
Bottom of the 6th over - 0 runs, 1 hit, 0 errors, 1 left on base; Bakersfield 6 - Calgary 1
TOP OF THE 7TH
Bakersfield Nobles batting - Pitching for Calgary Lynx : RHP José Larranaga
Batting: RHB Wei-qiang Mo 0-0: Ground out 5-3 (Groundball, 56)
Batting: RHB Stanley van de Ven 0-0: Foul Ball, location: 2F
0-1: Foul Ball, location: 2F
0-2: Ball
1-2: Foul Ball, location: 2F
1-2: Fly out, F9 (Flyball, 89S)
Batting: RHB Terry John 0-0: Ground out U3 (Groundball, 34S)
Top of the 7th over - 0 runs, 0 hits, 0 errors, 0 left on base; Bakersfield 6 - Calgary 1
BOTTOM OF THE 7TH
Calgary Lynx batting - Pitching for Bakersfield Nobles : LHP Eugene Clarkston
Batting: RHB Joe Ferguson 0-0: Called Strike
0-1: Ball
1-1: Ball
2-1: Fly out, F3 (Popup, 34S)
Batting: RHB Dhyana Snigdha 0-0: Called Strike
0-1: Fly out, F7 (Flyball, 78S)
Batting: RHB Alberto Salas 0-0: Ball
1-0: Swinging Strike
1-1: Foul Ball, location: 2F
1-2: Ball
2-2: Ball
3-2: SINGLE (Flyball, 78S)
Batting: LHB Michael Ward 0-0: Ball
1-0: Ball
2-0: Ball
3-0: Swinging Strike
3-1: Base on Balls
Alberto Salas to second
Batting: LHB Daniel García 0-0: Fly out, F6 (Popup, 6MS)
Bottom of the 7th over - 0 runs, 1 hit, 0 errors, 2 left on base; Bakersfield 6 - Calgary 1
TOP OF THE 8TH
Bakersfield Nobles batting - Pitching for Calgary Lynx : RHP José Larranaga
Batting: RHB Omer Yurtseven 0-0: Ball
1-0: Called Strike
1-1: SOLO HOME RUN (Flyball, 7LD), Distance : 373 ft
Batting: SHB Fernando Luna 0-0: Fly out, F9 (Flyball, 89S)
Batting: LHB Jesús Reyes 0-0: Ball
1-0: Ball
2-0: Ball
3-0: Called Strike
3-1: Called Strike
3-2: Strikes out swinging
Batting: RHB Pedro Hernández 0-0: Called Strike
0-1: Foul Ball, location: 2F
0-2: SINGLE (Line Drive, 7LS)
Batting: RHB Bartolo Morales 0-0: Called Strike
0-1: SINGLE (Line Drive, 7S)
Pedro Hernández to second
Batting: RHB Juan Dávila 0-0: Foul Ball, location: 2F
0-1: Ball
1-1: Called Strike
1-2: Strikes out swinging
Top of the 8th over - 1 run, 3 hits, 0 errors, 2 left on base; Bakersfield 7 - Calgary 1
BOTTOM OF THE 8TH
Calgary Lynx batting - Pitching for Bakersfield Nobles : LHP Eugene Clarkston
Batting: RHB José de la Cavallería 0-0: Ball
1-0: Ball
2-0: Ball
3-0: Base on Balls
Pitching: RHP Nésto Gago
Batting: RHB Júlio Vargas 0-0: Foul Ball, location: 2F
0-1: Swinging Strike
0-2: Ball
1-2: Ball
2-2: Ball
3-2: Foul Ball, location: 2F
3-2: Strikes out looking
Batting: LHB Xuan-ling Chen 0-0: Ball
1-0: Swinging Strike
1-1: Foul Ball, location: 2F
1-2: Ball
2-2: Ball
3-2: Fly out, F9 (Flyball, 9S)
Batting: RHB Rubén Medina 0-0: Swinging Strike
0-1: Foul Ball, location: 2F
0-2: Ball
1-2: Foul Ball, location: 2F
1-2: Ball
2-2: Foul Ball, location: 2F
2-2: Ground out 6-3 (Groundball, 6D)
Bottom of the 8th over - 0 runs, 0 hits, 0 errors, 1 left on base; Bakersfield 7 - Calgary 1
TOP OF THE 9TH
Bakersfield Nobles batting - Pitching for Calgary Lynx : RHP José Larranaga
Batting: RHB Wei-qiang Mo 0-0: Ball
1-0: Foul Ball, location: 2F
1-1: Ball
2-1: Ball
3-1: Ground out 4-3 (Groundball, 4)
Batting: RHB Stanley van de Ven 0-0: Called Strike
0-1: Ball
1-1: Ball
2-1: SINGLE (Line Drive, 6M)
Batting: RHB Terry John 0-0: Ball
1-0: Swinging Strike
1-1: Ball
2-1: Swinging Strike
2-2: Fly out, F9 (Line Drive, 9)
Batting: RHB Omer Yurtseven 0-0: Called Strike
0-1: Called Strike
0-2: SINGLE (Groundball, 6MD)
Stanley van de Ven to second
Runner from 2nd tries for 3rd, SAFE, no throw
Batting: SHB Fernando Luna 0-0: Ball
1-0: Ball
2-0: Ground out U3 (Groundball, 3)
Top of the 9th over - 0 runs, 2 hits, 0 errors, 2 left on base; Bakersfield 7 - Calgary 1
BOTTOM OF THE 9TH
Calgary Lynx batting - Pitching for Bakersfield Nobles : RHP Nésto Gago
Batting: RHB Joe Ferguson 0-0: Called Strike
0-1: SINGLE (Groundball, 4D)
Batting: RHB Dhyana Snigdha 0-0: Ball
1-0: Ball
2-0: Ball
3-0: Called Strike
3-1: Fly out, F6 (Popup, 6MS)
Batting: RHB Alberto Salas 0-0: Called Strike
0-1: Swinging Strike
0-2: Foul Ball, location: 2F
0-2: Ball
1-2: Foul Ball, location: 2F
1-2: Strikes out swinging
Batting: LHB Michael Ward 0-0: Ball
1-0: Ball
Passed Ball!
Joe Ferguson to second
2-0: Called Strike
2-1: Foul Ball, location: 2F
2-2: Ground out 4-3 (Groundball, 4)
Bottom of the 9th over - 0 runs, 1 hit, 0 errors, 1 left on base; Bakersfield 7 - Calgary 1
Friday, March 29th, 2019 - OOTP Baseball 18.8 Build 76